 Dungeon Sprint DCSS version 0.25-a0-502-g6516661a7a (webtiles) character file.

Game seed: 17561349798078160819, levelgen mode: deterministic

17467 jt the Warrior (level 12, -2/113 HPs)
             Began as a Formicid Fighter on Feb 12, 2020.
             Was the Champion of Makhleb.
             Slain by an emperor scorpion (9 damage)
             ... in the Dungeon (Sprint VII: "The Pits").
             The game lasted 00:17:48 (3949 turns).

jt the Warrior (Formicid Fighter)                   Turns: 3949, Time: 00:17:49

Health: -2/113     AC: 22    Str: 26    XL:     12   Next: 83%
Magic:  23/23      EV: 11    Int:  8    God:    Makhleb [******]
Gold:   55         SH: 12    Dex: 10    Spells: 11/11 levels left

rFire    . . .     SeeInvis +   a - +0 war axe
rCold    . . .     Gourm    .   c - +0 kite shield
rNeg     . . .     Faith    .   C - +3 plate armour
rPois    .         Spirit   .   (helmet unavailable)
rElec    .         Reflect  .   B - +0 cloak
rCorr    .         Harm     .   (no gloves)
MR       ++...                  (no boots)
Stlth    ..........             J - amulet of magic regeneration
HPRegen  0.28/turn              m - +3 ring of evasion
MPRegen  0.43/turn              N - ring of protection from magic

@: lethally poisoned (-2 -> -82), glowing
A: permanent stasis, dig shafts and tunnels, four strong arms, antennae 3
a: Dig, Minor Destruction, Lesser Servant of Makhleb, Major Destruction, Greater
Servant of Makhleb, Renounce Religion


You were in the Dungeon.
You worshipped Makhleb.
Makhleb was exalted by your worship.
You were not hungry.

You visited 1 branch You collected 55 gold pieces.

Inventory:

Hand Weapons
 a - a +0 war axe (weapon)
 b - a +0 vorpal hand axe
 g - a +0 arbalest
 t - a +1 vorpal trident
 u - a +0 battleaxe
 y - a +2 war axe of pain
 A - a +0 lajatang
 D - a +0 shortbow
Missiles
 r - 9 stones (quivered)
 v - 7 bolts
 E - 27 arrows
Armour
 c - a +0 kite shield (worn)
 l - a +3 chain mail
 B - a +0 cloak (worn)
 C - a +3 plate armour (worn)
Jewellery
 m - a +3 ring of evasion (left hand)
 w - a +3 ring of evasion
 J - an amulet of magic regeneration (around neck)
 L - an uncursed ring of positive energy
 N - a ring of protection from magic (right hand)
Wands
 I - a wand of acid (6)
Scrolls
 k - 5 scrolls of blinking
 n - 4 scrolls of remove curse
 o - 5 scrolls of amnesia
 p - a scroll of summoning
 q - 2 scrolls of vulnerability
 F - a scroll of fear
 H - 5 scrolls of enchant armour
 K - 2 scrolls of identify
Potions
 e - 10 potions of curing
 h - 2 potions of haste
 i - 4 potions of magic
 j - 3 potions of berserk rage
 s - 7 potions of heal wounds
 x - a potion of brilliance
 z - 3 potions of agility
 G - a potion of resistance
Miscellaneous
 M - a phial of floods (inert)
Comestibles
 d - 4 chunks of flesh
 f - 5 rations


   Skills:
 + Level 16.7 Fighting
 - Level 16.0 Axes
 + Level 16.7 Armour
 - Level 9.0 Shields
 + Level 15.8 Invocations


You had 11 spell levels left.
You didn't know any spells.
Your spell library was empty.

Dungeon Overview and Level Annotations

Branches:
Dungeon (1/1)

Altars:
Ashenzari
Cheibriados
Dithmenos
Elyvilon
Fedhas
Gozag
Hepliaklqana
Kikubaaqudgha
Makhleb
Nemelex Xobeh
Okawaru
Qazlal
Ru
Sif Muna
Trog
Uskayaw
Vehumet
Wu Jian
Xom
Yredelemnul
Zin
The Shining One
Beogh
Jiyva
Lugonu

Annotations:
D Snorg


Innate Abilities, Weirdness & Mutations

You cannot be hasted, slowed, berserked, paralysed or teleported.
You can dig through walls and to a lower floor.
Your four strong arms can wield two-handed weapons with a shield.
You have a pair of large antennae on your head. (SInv)


Message History

* * * LOW HITPOINT WARNING * * *
You feel very sick.
The orc warlord no longer looks unusually strong.
You block Snorg's attack. Snorg claws you but does no damage.
You block Snorg's attack. You block the naga warrior's attack.
The orc knight roars a battlecry!
The orc warlord goes into a battle-frenzy!
Press: ? - help, v - describe, . - travel
Here: an orc warlord, wielding a +0 great mace and wearing a +0 plate armour (lightly wounded, unusually strong, haloed)
The floor.
You feel much better.
You feel extremely sick. Snorg bites you!!
* * * LOW HITPOINT WARNING * * *
Snorg claws you but does no damage. You block Snorg's attack.
The emperor scorpion stings you!
* * * LOW HITPOINT WARNING * * *
The emperor scorpion claws you but does no damage.
The emperor scorpion claws you!
You die...

{{ { { {{ { {{ { { {{ {
#++############################
#........))...@oNoo............
#.........÷.)..sToc.)..).[.....
#.)##############oA############
#).# {oe... {{{ #..# {≈...# {{
#..# ..#### #..# { o.. { #..#


{o.oc { #..# { {{{o... { You could see an emperor scorpion, a daeva, 2 orc
warlords, a deep elf blademaster (wandering), a naga warrior, Snorg (berserk), 3
orc knights and a yaktaur.

Vanquished Creatures
  A ghost moth (D)
  A naga warrior (D)
  A death knight (D)
  4 two-headed ogres (D)
  An ogre mage (D)
  A sixfirhy (D)
  A shadow wraith (D)
  3 flayed ghosts (D)
  An orc sorcerer (D)
  An orc knight (D)
  A deep elf mage (D)
  A manticore (D)
  A black mamba (D)
  A molten gargoyle (D)
  An efreet (D)
  A rime drake (D)
  An ice devil (D)
  A komodo dragon (D)
  A troll (D)
  A guardian mummy (D)
  A polar bear (D)
  A hornet (D)
  A redback (D)
  A flying skull (D)
  A wyvern (D)
  2 spriggans (D)
  A tarantella (D)
  A fire bat (D)
  A shadow (D)
  A water elemental (D)
  Grum (D)
  3 hungry ghosts (D)
  A steam dragon (D)
  2 nagas (D)
  A floating eye (D)
  A water moccasin (D)
  A porcupine (D)
  A sky beast (D)
  A black bear (D)
  An eye of draining (D)
  A phantom (D)
  4 wolves (D)
  A centaur (D)
  3 wights (D)
  A quasit (D)
  A jelly (D)
  Ijyb (D)
  A gnoll (D)
  2 river rats (D)
  An adder (D)
  An ooze (D)
  3 orcs (D)
  A bat skeleton (D)
  A bat zombie (D)
  A goblin (D)
  A hobgoblin (D)
  2 jackals (D)
  2 kobolds (D)
  2 quokkas (D)
  A bat (D)
  A frilled lizard (D)
  A rat (D)
82 creatures vanquished.

Vanquished Creatures (collateral kills)
  Gastronok (D)
  A hydra (D)
  2 two-headed ogres (D)
  A gnoll (D)
  An ufetubus (D)
  A leopard gecko (D)
7 creatures vanquished.

Vanquished Creatures (others)
  A two-headed ogre (D)
  A swamp drake (D)
  A giant cockroach simulacrum (D)
3 creatures vanquished.

Grand Total: 92 creatures vanquished

Notes
Turn   | Place    | Note
-------+----------+-------------------------------------------
     0 | D        | jt the Formicid Fighter began the quest for the Orb.
     0 | D        | Reached XP level 1. HP: 18/18 MP: 1/1
    44 | D        | Found a glowing golden altar of the Shining One.
    44 | D        | Found a glowing silver altar of Zin.
    44 | D        | Found a basalt altar of Yredelemnul.
    44 | D        | Found a shimmering altar of Xom.
    44 | D        | Found an ornate altar of the Wu Jian Council.
    44 | D        | Found a bloodstained altar of Trog.
    44 | D        | Found a shimmering blue altar of Sif Muna.
    44 | D        | Found a sacrificial altar of Ru.
    44 | D        | Found a stormy altar of Qazlal.
    44 | D        | Found an iron altar of Okawaru.
    44 | D        | Found a sparkling altar of Nemelex Xobeh.
    44 | D        | Found a burning altar of Makhleb.
    44 | D        | Found a viscous altar of Jiyva.
    44 | D        | Found a hazy altar of Hepliaklqana.
    44 | D        | Found an opulent altar of Gozag.
    44 | D        | Found a blossoming altar of Fedhas.
    44 | D        | Found a white marble altar of Elyvilon.
    44 | D        | Found a shadowy altar of Dithmenos.
    44 | D        | Found a snail-covered altar of Cheibriados.
    45 | D        | Found a radiant altar of Vehumet.
    45 | D        | Found a corrupted altar of Lugonu.
    45 | D        | Found a roughly hewn altar of Beogh.
    48 | D        | Found a shattered altar of Ashenzari.
    48 | D        | Found an ancient bone altar of Kikubaaqudgha.
    48 | D        | Found a hide-covered altar of Uskayaw.
    55 | D        | Became a worshipper of Makhleb the Destroyer
    81 | D        | Reached skill level 5 in Shields
    81 | D        | Reached XP level 2. HP: 15/24 MP: 2/2
   208 | D        | Reached * piety under Makhleb
   208 | D        | Reached XP level 3. HP: 10/29 MP: 3/3
   446 | D        | Reached ** piety under Makhleb
   454 | D        | Noticed a porcupine
   457 | D        | Killed a porcupine
   457 | D        | Reached XP level 4. HP: 15/35 MP: 4/4
   457 | D        | Reached XP level 5. HP: 17/41 MP: 5/5
   701 | D        | Noticed Ijyb
   701 | D        | Noticed a black bear
   702 | D        | Noticed a floating eye
   702 | D        | Noticed a hungry ghost
   703 | D        | Noticed a sky beast
   706 | D        | Killed a floating eye
   706 | D        | Reached *** piety under Makhleb
   706 | D        | Reached skill level 5 in Fighting
   706 | D        | Reached skill level 5 in Armour
   706 | D        | Reached XP level 6. HP: 51/51 MP: 6/6
   728 | D        | Killed Ijyb
   737 | D        | Killed a sky beast
   737 | D        | Reached **** piety under Makhleb
   737 | D        | Reached XP level 7. HP: 60/60 MP: 7/7
   769 | D        | Killed a hungry ghost
   780 | D        | Reached skill level 10 in Axes
   845 | D        | Reached ***** piety under Makhleb
   845 | D        | Reached XP level 8. HP: 71/71 MP: 8/8
   847 | D        | Noticed an orc knight
   865 | D        | HP: 1/71 [orc knight/+0 battleaxe (10)]
   868 | D        | Killed an orc knight
   868 | D        | Reached skill level 10 in Fighting
   868 | D        | Reached skill level 10 in Armour
  1166 | D        | Noticed a fire bat
  1171 | D        | Killed a fire bat
  1180 | D        | Reached skill level 5 in Invocations
  1180 | D        | Reached XP level 9. HP: 79/79 MP: 11/13
  1221 | D        | Reached ****** piety under Makhleb
  1337 | D        | Noticed an ice devil
  1370 | D        | Killed an ice devil
  1809 | D        | Noticed a shadow wraith
  1831 | D        | Killed a shadow wraith
  1831 | D        | Reached XP level 10. HP: 74/89 MP: 14/16
  1897 | D        | Noticed a rime drake
  1906 | D        | Killed a rime drake
  1981 | D        | Noticed an orc sorcerer
  1988 | D        | Killed an orc sorcerer
  2043 | D        | Noticed a naga warrior
  2076 | D        | Noticed a flayed ghost
  2085 | D        | Reached skill level 10 in Invocations
  2093 | D        | Noticed a komodo dragon
  2327 | D        | Killed a komodo dragon
  2356 | D        | Killed a naga warrior
  2398 | D        | Killed a flayed ghost
  2398 | D        | Reached XP level 11. HP: 98/98 MP: 19/19
  2431 | D        | Noticed a death knight
  2493 | D        | HP: 4/98 [??? (2)]
  2495 | D        | Killed a death knight
  2863 | D        | Noticed a manticore
  2901 | D        | Killed a manticore
  2931 | D        | Noticed a flayed ghost
  2958 | D        | Killed a flayed ghost
  3054 | D        | Noticed Gastronok
  3088 | D        | Noticed Grum
  3100 | D        | Killed Gastronok
  3112 | D        | Killed Grum
  3138 | D        | Noticed a flayed ghost
  3139 | D        | Noticed a deep elf mage
  3153 | D        | Reached skill level 15 in Axes
  3176 | D        | Reached skill level 15 in Fighting
  3176 | D        | Reached skill level 15 in Armour
  3191 | D        | Killed a flayed ghost
  3251 | D        | Killed a deep elf mage
  3251 | D        | Reached XP level 12. HP: 99/110 MP: 22/22
  3439 | D        | Noticed a two-headed ogre
  3446 | D        | Killed a two-headed ogre
  3470 | D        | Noticed a six-headed hydra
  3486 | D        | Killed a six-headed hydra
  3621 | D        | Noticed a two-headed ogre
  3621 | D        | Noticed a two-headed ogre
  3631 | D        | Killed a two-headed ogre
  3636 | D        | Killed a two-headed ogre
  3646 | D        | Noticed a two-headed ogre
  3647 | D        | Noticed an ogre mage
  3651 | D        | Noticed a two-headed ogre
  3651 | D        | Noticed a two-headed ogre
  3651 | D        | Noticed a two-headed ogre
  3652 | D        | Killed an ogre mage
  3657 | D        | Noticed a ghost moth
  3659 | D        | Killed a two-headed ogre
  3659 | D        | Killed a two-headed ogre
  3675 | D        | Killed a two-headed ogre
  3675 | D        | Reached skill level 15 in Invocations
  3684 | D        | Killed a two-headed ogre
  3704 | D        | Killed a ghost moth
  3928 | D        | Noticed a naga warrior
  3928 | D        | Noticed Snorg
  3928 | D        | Noticed a daeva
  3928 | D        | Noticed a sixfirhy
  3928 | D        | Noticed an orc warlord
  3928 | D        | Noticed an emperor scorpion
  3929 | D        | Noticed an orc warlord
  3939 | D        | Killed a sixfirhy
  3949 | D        | Slain by an emperor scorpion

Levels and vault maps discovered:
D:        pitsprint [storerooms_1, entrance_room_1, metal_vault_6, armoury_2,
          mini_pit_1, grid_room_1, main_hall_1, silver_pit, the_coven_1,
          the_vestibule_1, steel_vault_5, golden_pit, hallway_of_sentries,
          crystal_vault_1, iron_vault_1, final_vault]

Skill      XL: |  1  2  3  4  5  6  7  8  9 10 11 12 |
---------------+-------------------------------------+-----
Shields        | 5 9 |  9.0
Axes           | 3 4 7 8 9 10 11 12 13 15 16 | 16.0
Fighting       | 5 7 9 10 11 13 15 16 | 16.7
Armour         | 5 7 9 10 11 13 15 16 | 16.7
Invocations    | 5 8 11 13 15 | 15.8

Action                   |  1- 3 |  4- 6 |  7- 9 | 10-12 || total
-------------------------+-------+-------+-------+-------++-------
Melee: War axe           |    52 |    30 |   163 |   296 ||   541
 Fire: Arbalest          |       |       |       |     2 ||     2
Throw: Stone             |       |       |       |     8 ||     8
Invok: Minor Destruction |       |       |     3 |    39 ||    42
       Major Destruction |       |       |       |     3 ||     3
       Lesser Servant of |       |       |       |     7 ||     7
Evoke: Wand              |       |       |       |     4 ||     4
       Phial of floods   |       |       |       |     4 ||     4
  Use: Potion            |     2 |       |     4 |     9 ||    15
 Stab: Invisible         |     3 |       |     2 |       ||     5
       Distracted        |       |       |       |     2 ||     2
       Confused          |       |       |       |     1 ||     1
  Eat: Ration            |       |       |     4 |       ||     4
       Chunk             |       |       |       |     6 ||     6
Armor: Scale mail        |    22 |       |       |       ||    22
       Chain mail        |       |     6 |    46 |       ||    52
       Plate armour      |       |       |    12 |   126 ||   138
Dodge: Dodged            |    15 |     8 |    33 |   110 ||   166
Block: Kite shield       |    24 |    19 |    73 |   138 ||   254

Table legend:
 A = Non-vault XP
 B = Vault XP
 C = Vault XP percentage of total XP
 D = Non-vault monster count
 E = Vault monster count
 F = Vault count percentage of total count
                 A         B        C        D         E       F
            +---------+---------+-------+---------+---------+-------
      Total |       0 |   24953 | 100.0 |       0 |      91 | 100.0
            +---------+---------+-------+---------+---------+-------
          D |       0 |   24953 | 100.0 |       0 |      91 | 100.0
            +---------+---------+-------+---------+---------+-------
